 Dungeon Crawl Stone Soup version 0.17.1-3-g152610e (webtiles) character file.

394 MirrMurr the Covert (level 6, -5/28 HPs)
             Began as a Spriggan Enchanter on Mar 23, 2016.
             Killed by divine providence
             ... invoked by an orc priest
              (13 damage)
             ... on level 3 of the Dungeon.
             The game lasted 00:07:10 (3081 turns).

MirrMurr the Covert (Spriggan Enchanter)            Turns: 3081, Time: 00:07:10

Health: -5/28      AC:  3    Str:  4    XL:     6   Next: 51%
Magic:  4/13       EV: 18    Int: 19    God:
Gold:   177        SH:  0    Dex: 16    Spells: 5 memorised, 3 levels left

rFire  . . .     SeeInvis +     a - +1 dagger
rCold  . . .     Clarity  .     b - +1 robe
rNeg   . . .     SustAt   .     (shield restricted)
rPois  .         Gourm    .     (helmet restricted)
rElec  .         Spirit   .     (no cloak)
rCorr  .         Warding  .     (gloves unavailable)
rMut   .         Stasis   .     (boots unavailable)
MR     +....                    (no amulet)
Stlth  +++++.....               (no ring)
                                (no ring)

@: very slightly contaminated, very quick, somewhat resistant to hostile
enchantments, quite stealthy
A: unfitting armour, see invisible, herbivore 3, speed 3, slow metabolism 2
a: no special abilities


You were on level 3 of the Dungeon.
You were full.

You visited 1 branch of the dungeon, and saw 3 of its levels.

You collected 177 gold pieces.

Inventory:

Hand Weapons
 a - a +1 dagger (weapon)
 o - a +3 dagger
Missiles
 e - 12 tomahawks (quivered)
 g - 28 stones
Armour
 b - a +1 robe (worn)
 s - a +0 robe of resistance
Jewellery
 r - an uncursed ring of protection from fire {unknown}
Wands
 l - a wand of fireball (0)
 p - a wand of frost (21)
Scrolls
 j - a scroll of fear
Potions
 f - a potion of brilliance
 h - a potion of cure mutation
 i - a potion of lignification
 m - a potion of flight {unknown}
 n - a potion of haste {unknown}
Books
 c - a book of Maledictions

   Spells                             Type                      Level
   a - Corona                         Hexes                        1
   b - Ensorcelled Hibernation        Hexes/Ice                    2
   c - Confuse                        Hexes                        3
   d - Tukima's Dance                 Hexes                        3
   e - Dazzling Spray                 Conjuration/Hexes            3
 q - a book of Beasts

   Spells                             Type                      Level
   a - Summon Butterflies             Summoning                    1
   b - Call Canine Familiar           Summoning                    3
   c - Summon Ice Beast               Ice/Summoning                4
   d - Summon Mana Viper              Hexes/Summoning              5
   e - Summon Hydra                   Summoning                    7
Comestibles
 d - 2 bread rations
 k - a royal jelly


   Skills:
 - Level 1.1 Short Blades
 - Level 3.0 Dodging
 * Level 10.6 Stealth
 + Level 4.0 Spellcasting
 - Level 3.6 Hexes


You had 3 spell levels left.
You knew the following spells:

 Your Spells              Type           Power        Failure   Level  Hunger
a - Ensorcelled Hibernat  Hex/Ice        ##....       12%         2    ##.....
b - Confuse               Hex            ###.....     12%         3    ###....
c - Corona                Hex            ###....      3%          1    None
d - Dazzling Spray        Conj/Hex       ##......     21%         3    ###....
e - Summon Butterflies    Summ           #.......     14%         1    None


Dungeon Overview and Level Annotations

Branches:
Dungeon (3/15)

Altars:
Ru

Annotations:
D:3 Robin


Innate Abilities, Weirdness & Mutations

You are tiny and cannot use many weapons and most armour.
You have supernaturally acute eyesight.
You are a herbivore.
You cover ground extremely quickly.
You need consume almost no food.


Message History

Ouch! That really hurt!
* * * LOW HITPOINT WARNING * * *
Casting: Ensorcelled Hibernation
Confirm with . or Enter, or press ? or * to list all spells.
Aiming: Ensorcelled Hibernation
Press: ? - help, Shift-Dir - straight line, f/p - orc priest
Aim: an orc priest (moderately wounded, chance to defeat MR: 41%)
The orc priest resists with some effort.
The orc barely misses you.
The orc priest hits you but does no damage.
You are too injured to fight recklessly!
Casting: Ensorcelled Hibernation
Confirm with . or Enter, or press ? or * to list all spells.
Aiming: Ensorcelled Hibernation
Press: ? - help, Shift-Dir - straight line, f/p - orc priest
Aim: an orc priest (moderately wounded, chance to defeat MR: 41%)
The orc priest looks drowsy...
The orc hits you but does no damage.
The orc priest mumbles some strange prayers to Beogh against you.
Something smites you!
You die...

*,....._,,,...######
*,,#....,,,#........
***,,#.g.o,,,#.#######
********,,,,**o..,,*#.# #
**,,,,,**,*#.####.####.# #
**,,,,,,**,*#.......g†..#
**,*,,,,,**,*########.#..####
*,**,,,,,,,,*########.##...8#
**,*,*,******#.@oogg.....8..#
**,,>** #o########..8.8#
****,,,*** #.#*#.#####....####
,,,,,,,,,* #.##.........o.....
****,,,#.######.#.....#####g####.
*,,,,.......<....o........5.5..
*,*,*#........#.....#####.####.
***,*,*########.##...## #.# *.
,,,,*,* #.#.....# #.# *.


You could see 2 orc priests, an orc and 2 hobgoblins.

Vanquished Creatures
  Sigmund (D:2)
  The ghost of mmk665 the Skirmisher, an amateur MiBe of Trog (D:3)
  Ijyb (D:2)
  Natasha (thrice) (D:2)
  3 adders
  2 worms (D:2)
  A giant gecko (D:2)
  3 ball pythons
  3 giant cockroaches
  10 goblins
  5 hobgoblins
  3 kobolds
  2 quokkas (D:2)
  6 bats
  A giant cockroach zombie (D:3)
  A giant gecko skeleton (D:3)
  2 giant newts (D:1)
  9 rats
57 creatures vanquished.

Notes
Turn   | Place    | Note
--------------------------------------------------------------
     0 | D:1      | MirrMurr the Spriggan Enchanter began the quest for the Orb.
     0 | D:1      | Reached XP level 1. HP: 9/9 MP: 5/5
   168 | D:1      | Reached skill level 5 in Stealth
   337 | D:1      | Reached XP level 2. HP: 13/13 MP: 6/6
   807 | D:1      | Learned a level 2 spell: Ensorcelled Hibernation
   893 | D:1      | Reached skill level 6 in Stealth
  1179 | D:2      | Noticed Sigmund
  1319 | D:2      | Killed Sigmund
  1319 | D:2      | Reached skill level 9 in Stealth
  1319 | D:2      | Reached XP level 3. HP: 1/16 MP: 5/8
  1319 | D:2      | Reached XP level 4. HP: 1/21 MP: 5/9
  1319 | D:2      | Reached XP level 5. HP: 1/24 MP: 5/10
  1324 | D:2      | Learned a level 3 spell: Confuse
  1328 | D:2      | Learned a level 3 spell: Dazzling Spray
  1679 | D:2      | Noticed Ijyb
  1692 | D:2      | Killed Ijyb
  1725 | D:2      | Noticed Natasha
  1735 | D:2      | Killed Natasha
  1877 | D:2      | Noticed Natasha
  1893 | D:2      | Killed Natasha
  2158 | D:2      | Noticed Natasha
  2165 | D:2      | Killed Natasha
  2201 | D:2      | Reached skill level 10 in Stealth
  2201 | D:2      | Reached XP level 6. HP: 24/28 MP: 7/12
  2237 | D:2      | Learned a level 1 spell: Summon Butterflies
  2452 | D:3      | Noticed Robin
  2671 | D:3      | Noticed mmk665's ghost (amateur MiBe)
  2721 | D:3      | Killed mmk665's ghost
  2889 | D:3      | Found a sacrificial altar of Ru.
  3081 | D:3      | Killed from afar by an orc priest

Action                   |  1- 3 |  4- 6 || total
-------------------------+-------+-------++-------
Melee: Dagger            |    69 |    80 ||   149
Throw: Tomahawk          |       |     2 ||     2
 Cast: Ensorcelled Hiber |     3 |    22 ||    25
       Confuse           |       |     4 ||     4
Evoke: Wand              |       |     2 ||     2
  Use: Scroll            |     3 |     5 ||     8
       Potion            |     1 |       ||     1
 Stab: Sleeping          |     8 |    23 ||    31
       Confused          |       |     1 ||     1
  Eat: Bread ration      |       |     1 ||     1
